Map: Ruins of Seras

Players

Vexy

  • Race: Protoss Protoss
  • League: Grandmaster

wabbajack

  • Race: Protoss Protoss
  • League: Silver

malditosudak

  • Race: Protoss Protoss
  • League: Grandmaster

Jidduu

  • Race: Protoss Protoss
  • League: Bronze

SelfSmarted

  • Race: Zerg Zerg
  • League: Grandmaster

Boydimus

  • Race: Zerg Zerg
  • League: Grandmaster

ROKAF

  • Race: Zerg Zerg
  • League: Grandmaster

VastoTHH

  • Race: Zerg Zerg
  • League: Grandmaster

VOD

Have the link to the VOD?

Description

Time

  • Played on: Oct. 1, 2015, 7:58 p.m.
  • Length: 18:07
Show
View Real Time Build Order
Export as new Build Order

Vexy Protoss 

Build Orders: Nexus First 

Get SALT Encoding   

  12  0:01  Probe (Chrono Boost)  
  13  0:11  Probe (Chrono Boost)  
  14  0:21  Probe (Chrono Boost)  
  14  0:27  Pylon  
  15  0:45  Probe (Chrono Boost)  
  16  0:55  Probe (Chrono Boost)  
  17  1:02  Nexus  
  17  1:06  Probe (Chrono Boost)  
  18  1:18  Assimilator  
  18  1:19  Probe (Chrono Boost)  
  18  1:21  Assimilator  
  19  1:31  Gateway  
  19  1:33  Probe (Chrono Boost)  
  20  1:52  Probe (Chrono Boost)  
  21  2:04  Gateway  
  21  2:07  Pylon  
  21  2:08  Probe (Chrono Boost)  
  22  2:19  Cybernetics Core  
  22  2:22  Probe x2 (Chrono Boost)  
  23  2:24  Pylon  
  24  2:31  Probe (Chrono Boost)  
  24  2:32  Probe (Chrono Boost)  
  26  2:42  Pylon  
  26  2:45  Probe (Chrono Boost)  
  26  2:46  Probe (Chrono Boost)  
  28  2:53  Gateway, Warp Gate (Chrono Boost)  
  28  2:55  Probe (Chrono Boost)  
  28  2:57  Mothership Core (Chrono Boost)  
  31  3:08  Adept  
  31  3:11  Adept  
  35  3:15  Probe  
  36  3:21  Pylon  
  36  3:31  Stargate  
  36  3:32  Probe, Pylon  
  37  3:44  Probe  
  37  3:46  Probe  
  39  3:52  Stargate  
  39  3:54  Probe  
  39  3:56  Assimilator  
  39  3:57  Assimilator  
  39  3:58  Probe  
  41  4:04  Probe  
  42  4:10  Probe  
  42  4:15  Oracle (Chrono Boost)  
  43  4:22  Probe  
  43  4:23  Probe  
  48  4:34  Gateway  
  48  4:35  Probe x2  
  48  4:36  Pylon  
  48  4:39  Phoenix (Chrono Boost)  
  50  4:46  Phoenix (Chrono Boost)  
  50  4:47  Probe x2  
  54  4:59  Probe x2  
  56  5:03  Gateway  
  56  5:05  Gateway  
  56  5:06  Phoenix (Chrono Boost)  
  56  5:07  Pylon  
  56  5:11  Phoenix (Chrono Boost)  
  60  5:20  Pylon  
  60  5:35  Phoenix x2 (Chrono Boost)  
  60  5:42  Probe x2  
  66  5:51  Protoss Air Weapons Level 1  
  66  5:54  Fleet Beacon  
  66  5:55  Phoenix x2 (Chrono Boost)  
  66  5:56  Probe x2  
  72  6:00  Twilight Council  
  72  6:08  Pylon  
  72  6:16  Nexus  
  72  6:24  Probe x2  
  74  6:27  Phoenix x2 (Chrono Boost)  
  78  6:38  Probe x2  
  78  6:39  Anion Pulse-Crystals  
  80  6:48  Charge  
  80  6:50  Probe x2  
  82  7:01  Assimilator  
  82  7:02  Probe x2  
  82  7:05  Assimilator  
  84  7:11  Phoenix (Chrono Boost)  
  84  7:12  Phoenix (Chrono Boost)  
  84  7:14  Probe x2  
  90  7:26  Probe x2, Pylon  
  90  7:27  Nexus  
  92  7:36  Carrier (Chrono Boost)  
  92  7:38  Probe x2  
  92  7:39  Probe  
  92  7:43  Protoss Air Weapons Level 2 (Chrono Boost)  
  95  7:47  Carrier (Chrono Boost)  
  95  7:48  Probe  
  95  7:51  Probe x2  
  96  7:55  Cybernetics Core  
  96  7:56  Pylon  
  96  7:57  Pylon  
  102  8:08  Probe  
  102  8:10  Probe x2  
  111  8:21  Carrier (Chrono Boost)  
  111  8:22  Probe x2  
  111  8:27  Probe  
  111  8:30  Pylon  
  111  8:32  Carrier (Chrono Boost)  
  106  8:34  Probe x2  
  106  8:37  Probe  
  107  8:45  Protoss Air Armor Level 1 (Chrono Boost)  
  113  8:59  Zealot x6  
  125  9:09  Carrier  
  128  9:15  Pylon  
  128  9:16  Pylon  
  124  9:22  Carrier  
  124  9:24  Zealot x6  
  135  9:38  Pylon  
  133  9:49  Nexus  
  133  9:52  Pylon  
  131  9:53  Pylon  
  131  9:55  Probe  
  131  9:56  Probe x2  
  140  10:02  Carrier  
  140  10:03  Zealot x2  
  140  10:05  Nexus  
  144  10:08  Probe x2, Pylon  
  144  10:10  Pylon  
  146  10:20  Protoss Air Weapons Level 3 (Chrono Boost)  
  150  10:24  Carrier  
  150  10:53  Zealot x2  
  150  10:54  Zealot x4  
  152  10:59  Probe  
  152  11:01  Probe x3  
  162  11:06  Carrier  
  162  11:24  Zealot x4  
  162  11:25  Zealot x2  
  173  11:35  Forge  
  173  11:38  Pylon  
  165  11:59  Stargate  
  165  12:00  Stargate  
  165  12:01  Oracle, Assimilator  
  165  12:04  Assimilator  
  168  12:14  Robotics Facility  
  168  12:33  Nexus, Zealot  
  168  12:34  Zealot x2  
  168  12:36  Pylon  
  174  12:40  Pylon  
  174  12:41  Pylon  
  174  12:45  Pylon  
  174  12:50  Pylon  
  168  12:55  Carrier (Chrono Boost)  
  168  12:57  Carrier (Chrono Boost)  
  166  12:58  Nexus  
  162  13:10  Observer  
  163  13:15  Robotics Bay  
  175  13:29  Graviton Catapult  
  175  13:31  Observer  
  176  13:43  Protoss Air Armor Level 2  
  176  13:52  Templar Archives  
  176  13:53  Carrier x2 (Chrono Boost)  
  176  13:54  Carrier (Chrono Boost)  
  184  14:20  Assimilator  
  184  14:22  Assimilator  
  184  14:26  Probe x3  
  184  14:27  Probe  
  188  14:42  Zealot x2  
  188  14:43  Zealot x4  
  184  14:53  Gateway  
  184  14:55  Gateway  
  184  14:57  Gateway  
  184  14:59  Gateway  
  181  15:02  Pylon  
  181  15:04  Pylon  
  181  15:07  Gateway  
  181  15:09  Pylon  
  181  15:11  Gateway  
  181  15:12  Gateway  
  181  15:13  Gateway  
  181  15:18  Gateway x2  
  181  15:44  Zealot x6  
  193  15:52  Protoss Ground Weapons Level 1  
  193  16:20  Zealot x3  
  199  16:35  Gateway  
  199  16:39  Gateway  
  199  16:41  Gateway  
  199  16:45  Gateway  
  199  16:47  Gateway  
  199  17:03  Probe  
  199  17:07  Assimilator  
  200  17:10  Assimilator  
  200  17:21  Nexus  
  194  17:23  Pylon  
  194  17:24  Pylon  
  194  17:27  Pylon  
  194  17:30  Assimilator  
  194  17:32  Assimilator  
  194  17:33  Pylon  
  194  17:38  High Templar x3  
  194  17:42  Archon  
  194  17:44  Pylon  
  200  17:46  Pylon  
  200  17:49  Pylon  
  200  17:52  Pylon  
  200  17:55  Pylon  
  200  17:57  Pylon  
  200  18:00  Pylon  
Show
View Real Time Build Order
Export as new Build Order

wabbajack Protoss 

Build Orders:  

Get SALT Encoding   

  12  0:00  Probe (Chrono Boost)  
  13  0:10  Probe (Chrono Boost)  
  14  0:20  Probe (Chrono Boost)  
  15  0:24  Pylon  
  15  0:42  Gateway  
  15  0:44  Probe (Chrono Boost)  
  16  0:58  Assimilator  
  16  0:59  Probe (Chrono Boost)  
  17  1:11  Gateway  
  17  1:13  Probe (Chrono Boost)  
  18  1:23  Probe (Chrono Boost)  
  19  1:30  Cybernetics Core  
  19  1:33  Probe (Chrono Boost)  
  19  1:35  Assimilator  
  20  1:42  Probe (Chrono Boost)  
  21  1:47  Pylon  
  21  1:50  Warp Gate  
  21  2:05  Adept  
  21  2:07  Adept  
  25  2:25  Probe (Chrono Boost)  
  25  2:26  Pylon  
  26  2:34  Adept x2  
  31  2:37  Probe (Chrono Boost)  
  31  2:52  Assimilator  
  30  3:10  Nexus  
  30  3:34  Adept x2  
  30  3:52  Stargate  
  30  3:56  Twilight Council  
  30  3:58  Pylon  
  26  4:09  Gateway  
  26  4:10  Stalker  
  28  4:18  Stalker  
  28  4:23  Probe (Chrono Boost)  
  31  4:27  Probe (Chrono Boost)  
  32  4:36  Mothership Core (Chrono Boost)  
  34  4:42  Stalker  
  34  4:45  Sentry  
  38  4:50  Probe (Chrono Boost)  
  39  4:57  Probe (Chrono Boost)  
  40  5:02  Oracle  
  40  5:04  Assimilator  
  40  5:10  Probe (Chrono Boost)  
  46  5:22  Probe (Chrono Boost)  
  46  5:23  Probe (Chrono Boost)  
  46  5:26  Adept  
  47  5:32  Adept  
  49  5:37  Adept  
  49  5:42  Probe (Chrono Boost)  
  52  5:45  Probe (Chrono Boost)  
  52  5:49  Adept  
  55  5:55  Adept  
  55  5:56  Shield Upgrade  
  57  6:08  Robotics Facility  
  57  6:41  Stalker x2  
  62  6:47  Pylon  
  62  6:49  Probe (Chrono Boost), Pylon  
  62  6:53  Pylon  
  62  6:56  Gateway  
  62  6:59  Gateway  
  62  7:02  Observer  
  62  7:04  Pylon  
  62  7:06  Probe x2 (Chrono Boost)  
  65  7:19  Probe x2 (Chrono Boost)  
  65  7:21  Assimilator  
  67  7:28  Stalker  
  67  7:29  Stalker  
  72  7:31  Probe (Chrono Boost)  
  72  7:46  Nexus  
  72  7:50  Pylon  
  66  8:02  Templar Archives  
  66  8:04  Sentry  
  68  8:06  Stalker  
  68  8:09  Stalker  
  72  8:19  Observer  
  73  9:21  Stalker  
  73  9:22  Stalker x4  
  83  9:29  Probe (Chrono Boost)  
  83  9:30  Probe (Chrono Boost)  
  82  9:36  Probe (Chrono Boost)  
  83  9:42  Probe x2 (Chrono Boost)  
  85  9:46  Probe (Chrono Boost)  
  88  9:53  Adept x5  
  88  9:54  Probe x2 (Chrono Boost)  
  88  9:58  Fleet Beacon  
  98  10:07  Stargate  
  98  10:11  Stargate  
  98  10:13  Probe x2 (Chrono Boost)  
  94  10:14  Probe (Chrono Boost)  
  94  10:15  Assimilator  
  94  10:16  Assimilator  
  75  10:23  Adept x4  
  75  10:24  Probe (Chrono Boost), Adept  
  75  10:25  Probe x2 (Chrono Boost)  
  75  10:26  Psionic Storm  
  71  10:37  Probe (Chrono Boost)  
  71  10:40  Probe (Chrono Boost)  
  71  10:41  Probe (Chrono Boost)  
  73  10:50  High Templar x2  
  73  10:51  High Templar  
  73  10:52  High Templar  
  73  10:53  High Templar  
  73  10:54  Probe x2 (Chrono Boost)  
  85  11:04  Tempest  
  85  11:07  Carrier  
  89  11:11  Gateway  
  89  11:13  Gateway  
  91  11:18  Mothership Core (Chrono Boost)  
  91  11:19  Stalker, Carrier  
  91  11:21  Stalker  
  101  11:36  Stalker  
  101  11:37  Graviton Catapult  
  101  11:38  Stalker  
  105  11:41  Carrier  
  117  12:12  Pylon  
  117  12:15  Pylon  
  117  12:18  Pylon  
  117  12:21  Pylon  
  117  12:27  Observer  
  117  12:35  Nexus  
  114  12:37  Pylon  
  114  12:39  Carrier  
  110  12:53  Carrier  
  110  12:54  Archon x2  
  106  13:02  Stalker  
  106  13:03  Stalker x4  
  106  13:05  Stalker x2  
  117  13:30  Carrier  
  106  13:39  Probe (Chrono Boost)  
  106  13:40  Probe x2 (Chrono Boost)  
  101  13:47  Adept x3  
  95  13:52  Probe x3 (Chrono Boost)  
  99  14:04  Probe x3 (Chrono Boost)  
  99  14:08  High Templar x2  
  99  14:09  High Templar x2  
  113  14:16  Probe (Chrono Boost)  
  114  14:21  Assimilator  
  114  14:23  Adept x2  
  118  14:24  Adept, Assimilator  
  120  14:34  Carrier  
  120  14:39  Observer  
  120  14:42  Pylon  
  121  14:46  Pylon  
  121  14:48  Pylon  
  121  15:00  Observer  
  121  15:01  Adept x4  
  121  15:02  Stalker  
  121  15:03  Stalker x2  
  142  15:12  Mothership Core (Chrono Boost)  
  144  15:37  Pylon  
  144  15:39  Pylon  
  115  16:04  Forge  
  115  16:07  Forge  
  97  16:16  Archon  
  79  16:32  High Templar x4  
  83  16:33  High Templar  
  83  16:35  Archon  
  83  16:36  Archon  
  71  17:08  Pylon  
  71  17:10  Pylon  
  71  17:12  Photon Cannon  
  71  17:15  Photon Cannon x2  
  71  17:17  Photon Cannon x3  
  71  17:20  Photon Cannon  
  89  17:30  Zealot x3  
  89  17:31  Zealot x4  
  103  17:51  Nexus  
  103  18:02  Stalker x2, Zealot  
Show
View Real Time Build Order
Export as new Build Order

malditosudak Protoss 

Build Orders:  

Get SALT Encoding   

  12  0:01  Drone  
  13  0:12  Overlord  
  13  0:17  Drone  
  14  0:31  Drone x2  
  14  0:34  Drone  
  17  0:55  Hatchery  
  17  0:56  Drone  
  17  1:00  Drone  
  18  1:15  Spawning Pool  
  18  1:18  Drone  
  18  1:21  Drone  
  19  1:28  Drone, Extractor  
  19  1:39  Drone  
  20  1:49  Drone  
  21  2:00  Overlord  
  21  2:06  Queen  
  21  2:08  Overlord  
  23  2:11  Drone  
  24  2:18  Drone  
  25  2:24  Roach Warren, Queen  
  25  2:27  Zergling x2  
  27  2:33  Drone x2  
  29  2:40  Drone  
  30  2:44  Extractor  
  30  2:49  Lair  
  30  2:50  Drone  
  31  2:51  Drone  
  31  2:55  Drone  
  32  3:01  Drone  
  33  3:07  Drone  
  34  3:13  Queen  
  34  3:16  Drone x3  
  34  3:18  Drone  
  40  3:22  Roach  
  40  3:26  Roach  
  44  3:33  Overlord  
  44  3:38  Drone  
  44  3:44  Evolution Chamber  
  44  3:45  Drone  
  44  3:47  Evolution Chamber, Drone  
  44  3:50  Overlord  
  44  3:51  Drone  
  44  3:52  Drone  
  46  4:08  Drone x6  
  46  4:09  Drone x2  
  54  4:11  Extractor  
  54  4:14  Extractor  
  47  4:48  Roach x3  
  47  4:49  Drone x6  
  47  4:51  Zerg Missile Weapons Level 1  
  59  4:56  Zerg Ground Armor Level 1  
  59  4:57  Glial Reconstitution  
  59  5:00  Drone  
  59  5:04  Overlord  
  59  5:18  Hatchery  
  55  5:23  Spore Crawler  
  54  5:28  Spore Crawler  
  54  5:35  Drone x2  
  54  5:36  Drone x2  
  54  5:41  Overlord  
  57  5:55  Drone x3  
  60  5:59  Overlord  
  60  6:00  Drone  
  61  6:06  Hydralisk Den  
  60  6:12  Infestation Pit  
  60  6:13  Drone  
  60  6:14  Drone x4  
  60  6:18  Drone  
  65  6:19  Drone  
  65  6:22  Drone  
  65  6:23  Drone  
  69  6:25  Drone  
  69  6:27  Drone  
  70  6:37  Spore Crawler  
  67  6:41  Spore Crawler  
  67  6:44  Overlord  
  67  6:45  Overlord  
  66  6:52  Spore Crawler  
  63  6:55  Overlord x2  
  63  6:57  Overlord  
  61  7:03  Overlord x2  
  61  7:06  Overlord  
  61  7:09  Overlord  
  61  7:12  Overlord  
  61  7:14  Overlord  
  61  7:15  Queen  
  63  7:18  Overlord  
  63  7:20  Overlord  
  63  7:27  Drone x2, Hydralisk  
  67  7:31  Hydralisk  
  69  7:41  Drone x3  
  69  7:43  Hydralisk x3  
  78  7:48  Hydralisk x2  
  82  7:57  Zerg Missile Weapons Level 2  
  82  7:59  Hydralisk x2  
  82  8:02  Drone x2  
  88  8:06  Drone x3  
  88  8:07  Drone  
  88  8:09  Drone x2  
  94  8:14  Hydralisk x2  
  98  8:22  Hydralisk x2  
  102  8:34  Infestor  
  102  8:36  Infestor  
  102  8:37  Infestor  
  102  8:40  Hydralisk x2  
  112  8:43  Zerg Ground Armor Level 2  
  112  8:48  Drone x2  
  114  8:56  Hydralisk  
  114  8:57  Hydralisk x2  
  114  9:01  Queen  
  114  9:02  Queen  
  122  9:03  Hatchery  
  122  9:09  Muscular Augments  
  121  9:17  Roach x3  
  121  9:18  Roach  
  121  9:21  Overlord  
  121  9:22  Overlord x3  
  129  9:36  Overlord x5  
  129  9:39  Queen  
  129  9:40  Extractor  
  129  9:41  Drone  
  129  9:42  Extractor  
  122  9:46  Hydralisk  
  122  9:47  Hydralisk x2  
  122  9:49  Hydralisk  
  112  9:56  Hydralisk x3  
  118  10:03  Queen  
  119  10:07  Hydralisk  
  119  10:08  Hydralisk x2  
  114  10:27  Hydralisk x5  
  114  10:28  Hydralisk x2  
  126  10:30  Hydralisk  
  126  10:34  Hydralisk  
  111  10:56  Hydralisk x4  
  111  10:57  Hydralisk x3  
  111  10:58  Hydralisk  
  118  11:08  Hydralisk x2  
  118  11:12  Hydralisk  
  118  11:13  Hydralisk  
  122  11:24  Hydralisk x3  
  128  11:33  Hydralisk x3  
  128  11:36  Hydralisk  
  132  11:40  Overseer x2  
  132  11:42  Hydralisk  
  120  11:48  Drone  
  120  11:49  Drone x3  
  90  12:00  Roach x2  
  94  12:03  Hatchery  
  93  12:09  Roach x4  
  93  12:11  Roach  
  103  12:24  Spire  
  100  12:31  Hydralisk x2  
  100  12:32  Hydralisk x3  
  100  12:35  Roach x2  
  96  13:01  Hydralisk x4  
  96  13:02  Hydralisk x5, Roach  
  108  13:08  Hive  
  78  13:30  Hydralisk  
  78  13:31  Hydralisk x5  
  69  13:53  Hydralisk x2  
  69  13:54  Hydralisk x2  
  47  14:23  Viper  
  17  15:12  Hatchery  
  13  17:08  Hatchery  
Show
View Real Time Build Order
Export as new Build Order

Jidduu Protoss 

Build Orders:  

Get SALT Encoding   

  12  0:01  Drone  
  13  0:16  Overlord  
  13  0:25  Drone  
  14  0:35  Drone x2  
  16  0:53  Hatchery  
  16  0:56  Drone  
  16  1:00  Drone  
  17  1:14  Spawning Pool  
  17  1:17  Drone  
  17  1:27  Drone  
  17  1:29  Drone  
  19  1:36  Drone  
  19  1:39  Extractor  
  19  1:47  Drone  
  20  2:03  Drone  
  20  2:05  Queen x2  
  25  2:12  Drone  
  25  2:13  Overlord  
  26  2:24  Roach Warren  
  25  2:30  Spine Crawler  
  25  2:34  Spine Crawler  
  23  2:41  Drone x2  
  25  2:47  Drone x2  
  25  2:48  Drone  
  28  3:04  Roach x3  
  34  3:11  Drone x2  
  36  3:43  Overlord x2  
  36  4:04  Drone  
  36  4:05  Drone x14  
  51  4:12  Extractor  
  51  4:15  Lair  
  50  4:20  Extractor  
  50  4:22  Extractor  
  48  4:24  Drone x2  
  48  4:29  Evolution Chamber  
  49  4:37  Drone x2  
  49  4:38  Drone  
  52  4:40  Overlord  
  52  4:41  Overlord  
  52  4:55  Overlord  
  52  5:00  Zerg Missile Weapons Level 1  
  52  5:10  Overlord x2  
  52  5:13  Glial Reconstitution  
  54  5:14  Roach  
  54  5:15  Roach x7  
  54  5:18  Overseer  
  68  5:28  Hydralisk Den  
  67  5:36  Drone x3  
  67  5:37  Overlord x2  
  70  5:43  Overseer  
  70  5:44  Evolution Chamber  
  70  5:45  Pneumatized Carapace  
  70  5:48  Roach  
  71  6:03  Muscular Augments  
  71  6:09  Queen  
  69  6:24  Spore Crawler  
  67  6:25  Spore Crawler  
  67  6:28  Queen  
  63  6:38  Drone x4  
  63  6:39  Drone x6  
  74  6:40  Drone x3  
  74  6:41  Spore Crawler  
  75  7:01  Zerg Missile Weapons Level 2  
  75  7:03  Zerg Ground Armor Level 1  
  75  7:12  Hydralisk  
  75  7:13  Hydralisk x4  
  75  7:14  Lurker Den, Hydralisk  
  87  7:35  Hydralisk x2  
  89  8:05  Hatchery  
  88  8:08  Hydralisk  
  88  8:09  Hydralisk  
  88  8:11  Overlord x4  
  74  8:41  Spore Crawler  
  73  8:49  Metabolic Boost  
  73  8:57  Drone  
  73  8:58  Drone x13  
  73  8:59  Drone x4  
  90  9:20  Hydralisk  
  90  9:21  Hydralisk x8  
  103  10:01  Hydralisk x6  
  103  10:05  Hatchery  
  114  10:22  Hydralisk  
  114  10:23  Hydralisk x4  
  114  10:25  Hatchery, Overlord x2  
  114  10:26  Overlord  
  123  10:28  Zerg Ground Armor Level 2  
  117  11:17  Queen  
  119  11:19  Hydralisk x2  
  119  11:20  Hydralisk x8  
  119  11:21  Extractor  
  138  11:25  Extractor  
  137  11:50  Hydralisk  
  137  11:51  Hydralisk x8  
  137  11:52  Hydralisk  
  157  12:24  Spire  
  156  12:38  Infestation Pit  
  156  12:43  Hydralisk  
  156  12:44  Hydralisk  
  157  12:48  Overlord x4  
  91  13:05  Hydralisk x12  
  89  13:10  Extractor  
  89  13:11  Extractor  
  109  13:14  Drone x4  
  113  13:33  Hydralisk x6  
  121  13:35  Hydralisk  
  119  13:51  Corruptor x3  
  119  13:54  Corruptor  
  127  14:01  Hive  
  125  14:25  Corruptor x3  
  125  14:26  Corruptor  
  125  14:30  Drone x3  
  136  14:31  Drone x3  
  136  14:35  Spore Crawler, Drone  
  136  14:36  Spine Crawler  
  138  14:58  Hydralisk x4, Roach x5  
  156  15:17  Zerg Ground Armor Level 3, Zerg Missile Weapons Level 3  
  156  15:30  Viper x3  
  156  15:31  Viper  
  168  15:48  Viper  
  171  16:01  Evolution Chamber  
  171  16:03  Evolution Chamber  
  131  16:23  Hydralisk  
  131  16:24  Hydralisk x15  
  151  16:25  Hydralisk  
  149  16:49  Spore Crawler x2  
  149  16:50  Spore Crawler  
  149  16:51  Spore Crawler  
  116  17:13  Hydralisk x9  
Show
View Real Time Build Order
Export as new Build Order

SelfSmarted Zerg 

Build Orders:  

Get SALT Encoding   

Show
View Real Time Build Order
Export as new Build Order

Boydimus Zerg 

Build Orders:  

Get SALT Encoding   

Show
View Real Time Build Order
Export as new Build Order

ROKAF Zerg 

Build Orders:  

Get SALT Encoding   

Show
View Real Time Build Order
Export as new Build Order

VastoTHH Zerg 

Build Orders:  

Get SALT Encoding   

Tags
 
Add a new tag
Caveats
  • Supply blocks, unpowered buildings, or Contaminate may cause inaccurate times.
  • Supply counts are checked every 10 seconds.